 Dungeon Crawl Stone Soup version 0.25.1-1-g288607f5aa (webtiles) character file.

Game seed: 16864657127598221392

6933 Luthien the Destroyer (level 11, -8/69 HPs)
             Began as a Gargoyle Conjurer on July 21, 2020.
             Was a Follower of Vehumet.
             Mangled by Snorg (20 damage)
             ... on level 10 of the Dungeon on July 22, 2020.
             The game lasted 00:46:27 (12846 turns).

Luthien the Destroyer (Gargoyle Conjurer)          Turns: 12846, Time: 00:46:27

Health: -8/69      AC: 17    Str: 17    XL:     11   Next: 7%
Magic:  8/24       EV: 11    Int: 20    God:    Vehumet [*.....]
Gold:   540        SH:  0    Dex: 10    Spells: 17/28 levels left

rFire    . . .     SeeInvis .   E - +3 quarterstaff "Leicuff" {vorpal, rElec rPois rN+} (curse)
rCold    . . .     Gourm    .   (shield currently unavailable)
rNeg     + + .     Faith    .   N - +1 ring mail {MR+}
rPois    ∞         Spirit   .   D - +0 helmet
rElec    +         Reflect  .   y - +0 cloak
rCorr    .         Harm     .   (no gloves)
MR       +....                  a - +0 pair of boots
Stlth    +.........             (no amulet)
HPRegen  0.21/turn              t - +6 ring of strength
MPRegen  0.19/turn              G - ring of wizardry

@: no status effects
A: negative energy resistance 1, electricity resistance, unbreathing,
petrification resistance, rot immunity, AC +8
a: Renounce Religion


You were on level 10 of the Dungeon.
You worshipped Vehumet.
Vehumet was aware of your devotion.
You were very hungry.

You visited 2 branches of the dungeon, and saw 11 of its levels.

You collected 540 gold pieces.

Inventory:

Hand Weapons
 E - the cursed +3 quarterstaff "Leicuff" (weapon) {vorpal, rElec rPois rN+}
   (You found it on level 4 of the Dungeon)

   It inflicts extra damage upon your enemies.
   It insulates you from electricity.
   It protects you from poison.
   It protects you from negative energy.
   It has a curse placed upon it.
Missiles
 b - 49 bolts
 f - 396 stones (quivered)
 l - 2 silver boomerangs
 m - 213 arrows
 q - 11 poisoned darts
 A - 3 throwing nets
 M - 54 sling bullets
 Q - 7 boomerangs
 Y - 2 boomerangs of dispersal
Armour
 a - a +0 pair of boots (worn)
 y - a +0 cloak (worn)
 B - +0 swamp dragon scales
 D - a +0 helmet (worn)
 N - a +1 ring mail of magic resistance (worn)
Magical Staves
 S - an uncursed staff of earth {unknown}
Jewellery
 k - an uncursed ring of protection from magic
 t - a +6 ring of strength (left hand)
 v - an uncursed ring of protection from fire
 x - an uncursed ring of protection from fire
 G - a ring of wizardry (right hand)
 V - an uncursed amulet of faith
Wands
 i - a wand of iceblast (1)
 C - a wand of clouds (6)
 F - a wand of enslavement (19)
 J - a wand of random effects (32)
 T - a wand of polymorph (13)
Scrolls
 d - 5 scrolls of remove curse
 h - 2 scrolls of amnesia
 o - a scroll of brand weapon {unknown}
 p - 4 scrolls of teleportation
 r - 2 scrolls of immolation
 H - 2 scrolls of magic mapping {unknown}
 P - a scroll of vulnerability {unknown}
 R - 5 scrolls of enchant armour {unknown}
 U - a scroll of fear {unknown}
Potions
 e - 4 potions of haste
 g - a potion of flight {unknown}
 j - 2 potions of stabbing
 n - a potion of lignification {unknown}
 s - 2 potions of curing
 u - a potion of resistance {unknown}
 I - a potion of heal wounds {unknown}
 K - 4 potions of might
 L - a potion of cancellation {unknown}
 O - 3 potions of brilliance
 W - 2 potions of magic
 X - a potion of invisibility {unknown}
Miscellaneous
 Z - a phial of floods
Comestibles
 c - 16 rations


   Skills:
 + Level 8.4 Fighting
 - Level 1.7 Dodging
 - Level 2.4 Stealth
 + Level 9.1 Spellcasting
 + Level 11.3 Conjurations
 - Level 5.0 Hexes


You had 17 spell levels left.
You knew the following spells:

 Your Spells              Type           Power        Failure   Level  Hunger
a - Magic Dart            Conj           ####         1%          1    None
b - Searing Ray           Conj           ######       1%          2    None
i - Iskenderun's Mystic   Conj/Tloc      ####....     6%          4    ###....
p - Fulminant Prism       Conj/Hex       #####.....   1%          4    ###....

Your spell library contained the following spells:

 Spells                   Type           Power        Failure   Level  Hunger
 Sandblast                Erth           #.....       6%          1    None
 Corona                   Hex            ####...      1%          1    None
 Dazzling Flash           Conj/Hex       #####.       1%          3    None
 Confusing Touch          Hex            ####....     2%          3    None
 Animate Skeleton         Necr           N/A          6%          1    None
 Apportation              Tloc           #.....       6%          1    None
 Summon Small Mammal      Summ           #...         6%          1    None
 Gell's Gravitas          Tloc           #.........   16%         3    None
 Petrify                  Tmut/Erth      #.......     45%         4    ###....
 Metabolic Englaciation   Hex/Ice        ###.......   45%         5    #####..
 Yara's Violent Unravell  Hex/Tmut       ###.......   45%         5    #####..


Dungeon Overview and Level Annotations

Branches:
Dungeon (10/15)            Temple (1/1) D:6
   Lair: D:8-11         Orc: D:9-12

Altars:
Ashenzari
Cheibriados
Dithmenos
Elyvilon
Fedhas
Gozag
Hepliaklqana
Kikubaaqudgha
Makhleb
Nemelex Xobeh
Okawaru
Qazlal
Ru
Sif Muna
Trog
Uskayaw
Vehumet
Wu Jian
Xom
Yredelemnul
Zin
The Shining One

Shops:
D:4 %   D:5 *   D:8 =

Annotations:
D:3 2 transporters, TrebMcFLY's ghost, amateur OpFi
D:10 Josephine; Snorg; Urug


Innate Abilities, Weirdness & Mutations

You are resistant to torment.
Your stone body is resilient. (AC +8)
You are immune to poison.
You resist negative energy. (rN+)
You are resistant to electric shocks. (rElec)
You can survive without breathing.
You are immune to petrification.
You are immune to rotting.


Message History

Unknown command.
Unknown command.
The searing ray hits Snorg!
Snorg is almost dead.
The searing ray misses the wraith.
You finish channeling your searing ray.
Snorg bites you but does no damage. Snorg claws you.
* * * LOW HITPOINT WARNING * * *
Snorg closely misses you.
Unknown command.
Unknown command.
Casting: Searing Ray (safe; 1% risk of failure)
Confirm with . or Enter, or press ? or * to list all spells.
Aiming: Searing Ray (safe; 1% risk of failure)
Press: ? - help, Shift-Dir - straight line The searing ray hits Snorg!
Snorg is almost dead.
The searing ray hits the wraith but does no damage. (Press . to maintain the ray.) Snorg bites you!!
You die...

#.. .......
##.### .......
##....÷ ......W
##..#### #......
###.....##
#..Z..>
.........'
?......
####.._..##
#......#######
#........##
#......@..WT@#
+..........
.......#######
#....##...#
#######
#....######
###########....#
#(..!...o......#
#s##############
#r# #a# #.#


You could see Snorg (berserk), Josephine and a wraith.

Vanquished Creatures
  Harold (D:9)
  An ugly thing (D:10)
  Joseph (D:6)
  A hornet (D:10)
  Sigmund (D:2)
  2 wraiths (D:10)
  A wyvern (D:10)
  Grum (D:8)
  A steam dragon (D:9)
  A water moccasin (D:6)
  3 porcupines (D:10)
  An ice beast (D:7)
  2 orc warriors
  A black bear (D:8)
  7 ogres
  A phantom (D:4)
  An eye of draining (D:10)
  2 wolves (D:8)
  A necrophage (D:8)
  7 centaurs
  3 big kobolds
  7 bullfrogs
  3 scorpions (D:8)
  4 crimson imps
  A jelly (D:8)
  2 bullfrog skeletons
  5 hounds
  4 orc priests
  3 orc wizards
  2 centaur skeletons
  7 worker ants
  A killer bee zombie (D:8)
  A hound zombie (D:7)
  A hound skeleton (D:8)
  A howler monkey zombie (D:9)
  2 worker ant zombies
  7 adders
  2 shadow imps
  2 oozes
  2 adder skeletons
  A worm (D:3)
  2 dart slugs (D:3)
  8 leopard geckos
  32 orcs
  4 ball pythons
  7 bats
  4 giant cockroaches
  10 goblins
  5 hobgoblins
  5 jackals
  22 kobolds
  2 quokkas
  5 frilled lizards
  A giant cockroach zombie (D:5)
  2 jackal skeletons
  A leopard gecko skeleton (D:7)
  A quokka zombie (D:10)
  10 rats
  3 plants (D:10)
222 creatures vanquished.

Vanquished Creatures (others)
  An adder zombie (D:7)
  A kobold (D:9)
  63 fulminant prisms
  27 fungi (D:10)
  5 plants (D:10)
97 creatures vanquished.

Grand Total: 319 creatures vanquished

Notes
Turn   | Place    | Note
-------+----------+-------------------------------------------
     0 | D:1      | Luthien the Gargoyle Conjurer began the quest for the Orb.
     0 | D:1      | Reached XP level 1. HP: 10/10 MP: 3/3
   247 | D:1      | Reached XP level 2. HP: 15/15 MP: 1/5
   410 | D:1      | Learned a level 2 spell: Searing Ray
   605 | D:1      | Reached XP level 3. HP: 17/19 MP: 0/6
  1134 | D:1      | Reached skill level 5 in Conjurations
  1448 | D:2      | Found a snail-covered altar of Cheibriados.
  1453 | D:2      | Found a shimmering blue altar of Sif Muna.
  1453 | D:2      | Found a burning altar of Makhleb.
  1547 | D:2      | Noticed Sigmund
  1593 | D:2      | Killed Sigmund
  1593 | D:2      | Reached skill level 6 in Conjurations
  1593 | D:2      | Reached XP level 4. HP: 11/24 MP: 3/9
  1593 | D:2      | Reached XP level 5. HP: 13/28 MP: 3/10
  2153 | D:2      | Reached XP level 6. HP: 32/32 MP: 7/12
  2159 | D:2      | Learned a level 4 spell: Fulminant Prism
  2164 | D:2      | Learned a level 4 spell: Iskenderun's Mystic Blast
  2736 | D:3      | Found a transporter.
  2741 | D:3      | Found a transporter.
  2741 | D:3      | Noticed TrebMcFLY's ghost (amateur OpFi)
  3530 | D:3      | You fall into a shaft and drop 3 floors!
  3576 | D:6      | Reached skill level 1 in Hexes
  3691 | D:6      | Noticed a water moccasin
  3698 | D:5      | Entered Level 5 of the Dungeon
  3704 | D:5      | Reached XP level 7. HP: 13/36 MP: 5/13
  3868 | D:5      | Found Oqiogh's Mass Market.
  4433 | D:5      | Reached skill level 7 in Conjurations
  4662 | D:4      | Found a sacrificial altar of Ru.
  4685 | D:4      | Reached skill level 5 in Spellcasting
  5346 | D:4      | Found Yfest's Food Shoppe.
  5462 | D:4      | Got a pitted quarterstaff
  5528 | D:4      | Reached XP level 8. HP: 36/41 MP: 3/15
  6745 | D:5      | Identified the cursed +3 quarterstaff "Leicuff" {vorpal,
                  | rElec rPois rN+} (You found it on level 4 of the Dungeon)
  7000 | D:6      | Found a staircase to the Ecumenical Temple.
  7102 | D:6      | Reached skill level 1 in Fighting
  7366 | D:6      | Reached skill level 8 in Conjurations
  8560 | D:7      | Noticed Joseph
  8571 | D:6      | Killed Joseph
  8571 | D:6      | Reached XP level 9. HP: 32/51 MP: 2/18
  9083 | D:7      | Reached skill level 5 in Hexes
  9385 | D:8      | Reached skill level 9 in Conjurations
  9760 | D:8      | Found Saiss's Jewellery Emporium.
  9760 | D:8      | Noticed Grum
  9766 | D:8      | Killed Grum
  9766 | D:8      | Reached skill level 5 in Fighting
 10238 | D:8      | Reached XP level 10. HP: 53/60 MP: 12/21
 10579 | D:9      | Reached skill level 10 in Conjurations
 11340 | Temple   | Entered the Ecumenical Temple
 11455 | Temple   | Became a worshipper of Vehumet
 11660 | D:9      | Found a white marble altar of Elyvilon.
 11660 | D:9      | Found an ancient bone altar of Kikubaaqudgha.
 11852 | D:9      | Noticed Harold
 11867 | D:9      | Killed Harold
 12330 | D:10     | Entered Level 10 of the Dungeon
 12414 | D:10     | Noticed a green ugly thing
 12427 | D:10     | Killed a green ugly thing
 12697 | D:10     | Found a shimmering altar of Xom.
 12760 | D:10     | Reached skill level 11 in Conjurations
 12793 | D:10     | Noticed Urug
 12818 | D:10     | Reached XP level 11. HP: 7/68 MP: 0/23
 12834 | D:10     | Noticed Snorg
 12843 | D:10     | Noticed Josephine
 12844 | D:10     | Reached * piety under Vehumet
 12844 | D:10     | Offered knowledge of Sandblast by Vehumet.
 12846 | D:10     | Mangled by Snorg

Illustrated notes

Levels and vault maps discovered:
D:1:      dpeg_arrival_solitude, layout_loops_cross, hangedman_glass_teeth,
          minmay_quantized
D:2:      layout_loops_ring, chequers_temple_overflow_statue_of_worship,
          serial_forest, infiniplex_forest_fountain, infiniplex_forest_end_2,
          infiniplex_forest_lined_corner, infiniplex_forest_lined_room_2,
          infiniplex_forest_clump_small, infiniplex_forest_corner_2,
          infiniplex_forest_lined_ring, uniq_sigmund
D:3:      layout_basic, gammafunk_ghost_mausoleum
D:4:      layout_basic, nicolae_ru_path_of_blood, serial_shops,
          nicolae_shop_stone, minmay_misc_feat_doors
D:5:      layout_basic, first_ration, minmay_shop_mass
D:6:      kb_forest_paths, layout_basic, minmay_temple_entry_trees,
          eino_small_chamber_without_monster, st_stairs_9,
          chequers_serial_rivers_small_a, eino_small_chamber_without_monster
D:7:      layout_rooms, grunt_ogre_cave, uniq_joseph
D:8:      layout_gridville, serial_shops, shop, uniq_grum
D:9:      layout_rooms, gammafunk_temple_overflow_elements, uniq_harold
D:10:     layout_basic, due_lair_maze_entry_diamond, basic_altar, serial_shops,
          kennysheep_mini, minmay_misc_feat_tower, st_stairs_6,
          kennysheep_small_square, uniq_josephine, uniq_snorg, uniq_erica,
          uniq_urug
Temple:   nicolae_temple_elliptical

Skill      XL: |  1  2  3  4  5  6  7  8  9 10 11 |
---------------+----------------------------------+-----
Conjurations   | 6 7 8 9 11 | 11.3
Spellcasting   | 3 4 5 6 7 8 9 |  9.1
Hexes          | 1 3 4 5 |  5.0
Fighting       | 3 5 8 |  8.4
Dodging        | |  1.7
Stealth        | |  2.4

Action                   |  1- 3 |  4- 6 |  7- 9 | 10-12 || total
-------------------------+-------+-------+-------+-------++-------
Melee: Unarmed           |     1 |       |       |       ||     1
       Short sword       |    16 |       |       |       ||    16
       Dagger            |     1 |       |     1 |       ||     2
       Quarterstaff      |       |       |    10 |    32 ||    42
Throw: Stone             |     2 |       |       |     1 ||     3
 Cast: Magic Dart        |    55 |    39 |    70 |    58 ||   222
       Searing Ray       |     8 |    10 |    56 |    24 ||    98
       Fulminant Prism   |       |       |    27 |    36 ||    63
  Use: Scroll            |       |     5 |     2 |     7 ||    14
       Potion            |       |       |       |     2 ||     2
  Eat: Chunk             |     3 |     7 |    13 |     6 ||    29
       Ration            |       |       |     3 |     1 ||     4
Armor: Robe              |     7 |     2 |    11 |       ||    20
       Ring mail         |       |       |    10 |    56 ||    66
Dodge: Dodged            |    19 |     3 |    36 |    48 ||   106
